 Dungeon Crawl Stone Soup version 0.28-a0-465-ge2dae52223 (webtiles) character file.

Game seed: 14030177632915467141

31 Zenkrye the Chopper (level 3, 0/31 HPs)
             Began as a Palentonga Abyssal Knight on Sept 14, 2021.
             Was a Believer of Lugonu.
             Frozen to death by an endoplasm (5 damage)
             ... on level 2 of the Dungeon.
             The game lasted 00:03:06 (1435 turns).

Zenkrye the Chopper (Palentonga Abyssal Knight)     Turns: 1435, Time: 00:03:07

Health: 0/31       AC:  4    Str: 16    XL:     3   Next: 7%
Magic:  4/5        EV:  9    Int: 12    God:    Lugonu [**....]
Gold:   58         SH:  0    Dex:  9    Spells: 2/2 levels left

rFire   . . .      SeeInvis +   a - +1 hand axe
rCold   . . .      Faith    .   (no shield)
rNeg    . . .      Spirit   .   b - +0 leather armour
rPois   .          Reflect  .   (no helmet)
rElec   .          Harm     .   (no cloak)
rCorr   .          Rampage  .   (no gloves)
Will    .....                   (no barding)
Stlth   +.........              (no amulet)
HPRegen 0.10/turn               (no ring)
MPRegen 0.09/turn               (no ring)

@: brilliant
A: large, rugged brown scales 3, see invisible, deformed body, roll 1, armoured
tail
a: Rolling Charge, Renounce Religion, Depart the Abyss, Bend Space


You were on level 2 of the Dungeon.
You worshipped Lugonu.
Lugonu was pleased with you.
You visited 1 branch of the dungeon, and saw 2 of its levels.
You visited the Abyss 1 time.

You collected 58 gold pieces.

Inventory:

Hand Weapons
 a - a +1 hand axe (weapon)
Missiles
 f - 61 stones
 j - 5 boomerangs (quivered)
Armour
 b - a +0 leather armour (worn)
 h - a +0 plate armour
Jewellery
 c - a ring of ice
Scrolls
 d - a scroll of magic mapping {unknown}
 g - 2 scrolls of teleportation {unknown}
 i - 2 scrolls of noise {unknown}
 k - a scroll of identify {unknown}
Potions
 l - a potion of invisibility {unknown}


   Skills:
 - Level 3.0 Fighting
 * Level 3.1 Axes
 - Level 1.5 Armour
 - Level 0.7 Dodging
 + Level 2.6 Invocations


You had 2 spell levels left.
You didn't know any spells.
Your spell library was empty.

Dungeon Overview and Level Annotations

Branches:
Dungeon (2/15)

Altars:

Annotations:
D:2 Jessica, Robin


Innate Abilities, Weirdness & Mutations

You are completely covered in rugged brown scales. (AC +3, +7% HP)
You have supernaturally acute eyesight. (SInv)
Armour fits poorly on your strangely shaped body.
You can roll at nearby foes to attack.
You have a long armoured tail.


Message History

Increase (s)trength, (i)ntelligence, or (d)exterity?
You feel stronger.
You hit the goblin.
You kill the goblin!
Lugonu accepts your kill.
You barely miss the goblin. The goblin hits you with a +0 club.
You closely miss the goblin. You hit the hobgoblin.
The goblin hits you but does no damage.
You hit the hobgoblin.
You kill the hobgoblin!
Lugonu accepts your kill.
You hit the hobgoblin but do no damage. You hit the goblin.
Robin of the Strong Arm comes into view.
They are wielding a +0 spear.
The goblin hits you with a +0 club. The hobgoblin hits you.
The goblin hits you but does no damage. The hobgoblin barely misses you.
Jessica casts a spell at you. Pain shoots through your body!
* * * LOW HITPOINT WARNING * * *
The hobgoblin hits you but does no damage.
It was a potion of brilliance.
You feel clever all of a sudden. The goblin hits you but does no damage.
A goblin comes into view. It is wielding a +1 vampiric dagger.
Robin roars a battlecry!
The goblins go into a battle-frenzy!
The hobgoblin hits you.
* * * LOW HITPOINT WARNING * * *
A hobgoblin comes into view.
You hear a shout!
The hobgoblin shouts!
The goblin shouts!
You hear a shout!
The goblin barely misses you.
Jessica casts a spell.
Jessica blinks!
The endoplasm closely misses you. 2 goblins come into view.
Found a stone staircase leading down.
The goblin shouts!
A goblin comes into view. It is wielding a +0 club. x2
The endoplasm freezes you.
You are frozen.
You die...

..(....#...#
...g..(g....#
.gg.........#
$.@g........#
###..g......#
#.........##
##..g........
####
#..§g........
≈≈.## #))gJ@.#
≈...# #)..g#.#
....### #....#..#
......# #....##.#
....#.# #....# ..
≈...#.######....#
#..
≈≈.##.....(.....#
..#
##########......#
#># #...####


You could see Robin, Jessica, an endoplasm, 2 hobgoblins and 7 goblins.

Vanquished Creatures
  A dart slug (D:2)
  2 giant cockroaches
  5 goblins
  3 hobgoblins
  4 quokkas
  2 ball pythons (D:1)
  A bat (D:1)
  5 kobolds
  3 rats (D:1)
26 creatures vanquished.

Notes
Turn   | Place    | Note
-------+----------+-------------------------------------------
     0 | Abyss:1  | Zenkrye the Palentonga Abyssal Knight began the quest for
                  | the Orb.
     0 | Abyss:1  | Reached XP level 1. HP: 19/19 MP: 2/2
    12 | D:1      | Escaped the Abyss
   374 | D:1      | Found a faded altar of an unknown god.
   385 | D:1      | Reached XP level 2. HP: 24/25 MP: 3/3
  1138 | D:2      | Noticed Jessica
  1285 | D:2      | Reached ** piety under Lugonu
  1428 | D:2      | Reached XP level 3. HP: 29/31 MP: 4/4
  1430 | D:2      | Noticed Robin
  1435 | D:2      | Frozen to death by an endoplasm

Illustrated notes

Levels and vault maps discovered:
D:1:      lightli_arrival_lavapool, layout_loops_ring,
          ebering_ecumenical_altar_sacrificial, minmay_misc_feat_pillars,
          hex_large, minmay_heptomino_l4
D:2:      minmay_kobold_bridge, layout_basic, uniq_robin,
          uniq_crazy_yiuf_cottage, uniq_jessica

Skill      XL: |  1  2 |
---------------+-------+-----
Axes           | 3 |  3.1
Fighting       | |  3.0
Armour         | |  1.5
Dodging        | |  0.7
Invocations    | |  2.6

Action                   || total
-------------------------++-------
Melee: Hand axe          ||    66
       Tailslap          ||     8
Throw: Stone             ||    24
       Boomerang         ||    12
 Abil: Rolling Charge    ||     2
  Use: Potion            ||     1
Armor: Leather armour    ||    27
Dodge: Dodged            ||    28

Table legend: (Time is in decaauts)
 A = Elapsed time spent in this place.
 B = Non-inter-level travel time spent in this place.
 C = Inter-level travel time spent in this place.
 D = Time resting spent in this place.
 E = Time spent auto-exploring this place.
 F = Levels seen in this place.
 G = Mean time per level.
                   A        B        C        D        E       F      G
               +--------+--------+--------+--------+--------+-----+--------+
         Total |   1452 |   1416 |     36 |     73 |   1117 |   3 |  484.0 |
       Dungeon |   1440 |   1404 |     36 |     73 |   1114 |   2 |  720.0 |
         Abyss |     12 |     12 |      0 |      0 |      3 |   1 |   12.0 |
               +--------+--------+--------+--------+--------+-----+--------+

Top non-repeatable levels by time:
     D:1: 1224 daAuts
     D:2: 215 daAuts
 Abyss:1: 12 daAuts
